Workbook

Sheet Instructions
A1: FINA 455 - Excel Case #1
A2: Fall 2021
A4: The purpose of this Excel case is to get you familiar with using amortization schedules. You will
A5: complete several schedules under different scenarios described below.
A7: Exercise 1: | B7: Let's compare how much interest a borrower would pay under these different terms using
B8: monthly payments for each:
C10: annual interest rate | D10: 0.045
C11: amount borrowed | D11: 340000
B13: a. | C13: term in years | D13: 30
B14: b. | C14: term in years | D14: 20
B15: c. | C15: term in years | D15: 15
B17: Show your work on the Exercise 1 tab.
A19: Exercise 2: | B19: Let's look at what happens when someone has an adjustable rate mortgage. The borrower
B20: will have a fixed rate for the first three years:
C21: annual interest rate | D21: 0.034
C22: amount borrowed | D22: =D11 -> 340000
C23: term in years | D23: 30
B25: a. | C25: Prepare the amortization schedule with the initial terms denoted above
C26: using monthly payments. You can show a complete 30 year amortization
C27: schedule OR just what is necessary to answer the question.
B29: b. and c. | C29: After making payments for 36 months, the interest rate will be reset to 4.25%.
C30: Prepare the amortization schedule for at least the next 12 months with this
C31: new rate (ARMs normally have interest rate resets every year once the first
C32: reset is done)
B34: Show your work on the Exercise 2 tab.
A36: Exercise 3: | B36: Let's look at what happens when someone refinances a mortgage. The borrower
B37: begins with these terms:
C38: annual interest rate | D38: 0.054
C39: amount borrowed | D39: 340000
C40: term in years | D40: 25
B42: a. | C42: Prepare the amortization schedule with the initial terms denoted above
C43: using monthly payments. You can show a complete 25 year amortization
C44: schedule OR just what is necessary to answer the question.
B46: b. and c. | C46: After making payments for 60 months, the borrower can refinance the loan
C47: with a lower interest rate of 4.60%. The lender charges a $2,700 fee and the
C48: borrower decides to refinance the balance owed PLUS the $2,700 fee.
C49: Prepare the amortization schedule for the remaining length of time.
B51: Show your work on the Exercise 3 tab.

Sheet Exercise 1
A1: Exercise 1 | J1: b) 20 year amortization
J2: Principal | L2: 340000
A3: Please show your three different amortization schedules on this tab and | J3: Term | L3: 20
A4: answer the following questions: | J4: Annual rate | L4: 0.045
J5: Number of payments | L5: =L3*12 -> 240
A6: a. | B6: total interest paid with a 30 year amortization | G6: =D397 -> 280182.82 | J6: Monthly rate | L6: =L4/12 -> 0.00375
A7: b. | B7: total interest paid with a 20 year amortization | G7: =M251 -> 176241.89 | J7: Mortgage payment | L7: =PMT(L6,L5,-L2,0) -> 2151.0079
A8: c. | B8: total interest paid with a 15 year amortization | G8: =L443 -> 128175.89
B10: answers should be denoted in the answer boxes | J10: Months | K10: Beginning balance | L10: Payment | M10: Interest | N10: Principal | O10: Ending balance
B11: by cell references to the amort schedules | J11: 1 | K11: =$L$2 -> 340000 | L11: =L7 -> 2151.0079 | M11: =K11*L6 -> 1275 | N11: =L11-M11 -> 876.00788 | O11: =K11-N11 -> 339123.99
J12: 2 | K12: =O11 -> 339123.99 | L12: =$L$7 -> 2151.0079 | M12: =K12*$L$6 -> 1271.715 | N12: =L12-M12 -> 879.29291 | O12: =K12-N12 -> 338244.7
J13: 3 | K13: =O12 -> 338244.7 | L13: =$L$7 -> 2151.0079 | M13: =K13*$L$6 -> 1268.4176 | N13: =L13-M13 -> 882.59026 | O13: =K13-N13 -> 337362.11
J14: 4 | K14: =O13 -> 337362.11 | L14: =$L$7 -> 2151.0079 | M14: =K14*$L$6 -> 1265.1079 | N14: =L14-M14 -> 885.89997 | O14: =K14-N14 -> 336476.21
B15: each correct answer earns 2 points | J15: 5 | K15: =O14 -> 336476.21 | L15: =$L$7 -> 2151.0079 | M15: =K15*$L$6 -> 1261.7858 | N15: =L15-M15 -> 889.2221 | O15: =K15-N15 -> 335586.99
B16: total points available this page = 6 points | J16: 6 | K16: =O15 -> 335586.99 | L16: =$L$7 -> 2151.0079 | M16: =K16*$L$6 -> 1258.4512 | N16: =L16-M16 -> 892.55668 | O16: =K16-N16 -> 334694.43
J17: 7 | K17: =O16 -> 334694.43 | L17: =$L$7 -> 2151.0079 | M17: =K17*$L$6 -> 1255.1041 | N17: =L17-M17 -> 895.90377 | O17: =K17-N17 -> 333798.53
J18: 8 | K18: =O17 -> 333798.53 | L18: =$L$7 -> 2151.0079 | M18: =K18*$L$6 -> 1251.7445 | N18: =L18-M18 -> 899.2634 | O18: =K18-N18 -> 332899.26
A19: Let's compare how much interest a borrower would pay under these different terms using | J19: 9 | K19: =O18 -> 332899.26 | L19: =$L$7 -> 2151.0079 | M19: =K19*$L$6 -> 1248.3722 | N19: =L19-M19 -> 902.63564 | O19: =K19-N19 -> 331996.63
A20: monthly payments for each: | J20: 10 | K20: =O19 -> 331996.63 | L20: =$L$7 -> 2151.0079 | M20: =K20*$L$6 -> 1244.9874 | N20: =L20-M20 -> 906.02053 | O20: =K20-N20 -> 331090.61
J21: 11 | K21: =O20 -> 331090.61 | L21: =$L$7 -> 2151.0079 | M21: =K21*$L$6 -> 1241.5898 | N21: =L21-M21 -> 909.4181 | O21: =K21-N21 -> 330181.19
B22: annual interest rate | C22: =Instructions!D10 -> 0.045 | J22: 12 | K22: =O21 -> 330181.19 | L22: =$L$7 -> 2151.0079 | M22: =K22*$L$6 -> 1238.1795 | N22: =L22-M22 -> 912.82842 | O22: =K22-N22 -> 329268.36
B23: amount borrowed | C23: =Instructions!D11 -> 340000 | J23: 13 | K23: =O22 -> 329268.36 | L23: =$L$7 -> 2151.0079 | M23: =K23*$L$6 -> 1234.7564 | N23: =L23-M23 -> 916.25153 | O23: =K23-N23 -> 328352.11
J24: 14 | K24: =O23 -> 328352.11 | L24: =$L$7 -> 2151.0079 | M24: =K24*$L$6 -> 1231.3204 | N24: =L24-M24 -> 919.68747 | O24: =K24-N24 -> 327432.42
A25: a. | B25: term in years | C25: =Instructions!D13 -> 30 | J25: 15 | K25: =O24 -> 327432.42 | L25: =$L$7 -> 2151.0079 | M25: =K25*$L$6 -> 1227.8716 | N25: =L25-M25 -> 923.1363 | O25: =K25-N25 -> 326509.29
A26: b. | B26: term in years | C26: =Instructions!D14 -> 20 | J26: 16 | K26: =O25 -> 326509.29 | L26: =$L$7 -> 2151.0079 | M26: =K26*$L$6 -> 1224.4098 | N26: =L26-M26 -> 926.59806 | O26: =K26-N26 -> 325582.69
A27: c. | B27: term in years | C27: =Instructions!D15 -> 15 | J27: 17 | K27: =O26 -> 325582.69 | L27: =$L$7 -> 2151.0079 | M27: =K27*$L$6 -> 1220.9351 | N27: =L27-M27 -> 930.0728 | O27: =K27-N27 -> 324652.61
J28: 18 | K28: =O27 -> 324652.61 | L28: =$L$7 -> 2151.0079 | M28: =K28*$L$6 -> 1217.4473 | N28: =L28-M28 -> 933.56058 | O28: =K28-N28 -> 323719.05
A29: principle | C29: 340000 | J29: 19 | K29: =O28 -> 323719.05 | L29: =$L$7 -> 2151.0079 | M29: =K29*$L$6 -> 1213.9465 | N29: =L29-M29 -> 937.06143 | O29: =K29-N29 -> 322781.99
A30: term | C30: 30 | J30: 20 | K30: =O29 -> 322781.99 | L30: =$L$7 -> 2151.0079 | M30: =K30*$L$6 -> 1210.4325 | N30: =L30-M30 -> 940.57541 | O30: =K30-N30 -> 321841.42
A31: annual rate | C31: 0.045 | J31: 21 | K31: =O30 -> 321841.42 | L31: =$L$7 -> 2151.0079 | M31: =K31*$L$6 -> 1206.9053 | N31: =L31-M31 -> 944.10257 | O31: =K31-N31 -> 320897.31
A32: number of payments | C32: =C30*12 -> 360 | J32: 22 | K32: =O31 -> 320897.31 | L32: =$L$7 -> 2151.0079 | M32: =K32*$L$6 -> 1203.3649 | N32: =L32-M32 -> 947.64295 | O32: =K32-N32 -> 319949.67
A33: monthly rate | C33: =C31/12 -> 0.00375 | J33: 23 | K33: =O32 -> 319949.67 | L33: =$L$7 -> 2151.0079 | M33: =K33*$L$6 -> 1199.8113 | N33: =L33-M33 -> 951.19661 | O33: =K33-N33 -> 318998.47
A34: mortgage payment | C34: =PMT(C33,C32,-C29,0) -> 1722.7301 | J34: 24 | K34: =O33 -> 318998.47 | L34: =$L$7 -> 2151.0079 | M34: =K34*$L$6 -> 1196.2443 | N34: =L34-M34 -> 954.7636 | O34: =K34-N34 -> 318043.71
J35: 25 | K35: =O34 -> 318043.71 | L35: =$L$7 -> 2151.0079 | M35: =K35*$L$6 -> 1192.6639 | N35: =L35-M35 -> 958.34396 | O35: =K35-N35 -> 317085.37
A36: Months | B36: Beginning balance | C36: Payment | D36: Interest | E36: Principal | F36: Ending balance | J36: 26 | K36: =O35 -> 317085.37 | L36: =$L$7 -> 2151.0079 | M36: =K36*$L$6 -> 1189.0701 | N36: =L36-M36 -> 961.93775 | O36: =K36-N36 -> 316123.43
A37: 1 | B37: =C29 -> 340000 | C37: =C34 -> 1722.7301 | D37: =C33*B37 -> 1275 | E37: =C37-D37 -> 447.73005 | F37: =B37-E37 -> 339552.27 | J37: 27 | K37: =O36 -> 316123.43 | L37: =$L$7 -> 2151.0079 | M37: =K37*$L$6 -> 1185.4629 | N37: =L37-M37 -> 965.54502 | O37: =K37-N37 -> 315157.88
A38: 2 | B38: =F37 -> 339552.27 | C38: =$C$34 -> 1722.7301 | D38: =B38*$C$33 -> 1273.321 | E38: =C38-D38 -> 449.40904 | F38: =B38-E38 -> 339102.86 | J38: 28 | K38: =O37 -> 315157.88 | L38: =$L$7 -> 2151.0079 | M38: =K38*$L$6 -> 1181.8421 | N38: =L38-M38 -> 969.16581 | O38: =K38-N38 -> 314188.72
A39: 3 | B39: =F38 -> 339102.86 | C39: =$C$34 -> 1722.7301 | D39: =B39*$C$33 -> 1271.6357 | E39: =C39-D39 -> 451.09433 | F39: =B39-E39 -> 338651.77 | J39: 29 | K39: =O38 -> 314188.72 | L39: =$L$7 -> 2151.0079 | M39: =K39*$L$6 -> 1178.2077 | N39: =L39-M39 -> 972.80018 | O39: =K39-N39 -> 313215.92
A40: 4 | B40: =F39 -> 338651.77 | C40: =$C$34 -> 1722.7301 | D40: =B40*$C$33 -> 1269.9441 | E40: =C40-D40 -> 452.78593 | F40: =B40-E40 -> 338198.98 | J40: 30 | K40: =O39 -> 313215.92 | L40: =$L$7 -> 2151.0079 | M40: =K40*$L$6 -> 1174.5597 | N40: =L40-M40 -> 976.44819 | O40: =K40-N40 -> 312239.47
A41: 5 | B41: =F40 -> 338198.98 | C41: =$C$34 -> 1722.7301 | D41: =B41*$C$33 -> 1268.2462 | E41: =C41-D41 -> 454.48388 | F41: =B41-E41 -> 337744.5 | J41: 31 | K41: =O40 -> 312239.47 | L41: =$L$7 -> 2151.0079 | M41: =K41*$L$6 -> 1170.898 | N41: =L41-M41 -> 980.10987 | O41: =K41-N41 -> 311259.36
A42: 6 | B42: =F41 -> 337744.5 | C42: =$C$34 -> 1722.7301 | D42: =B42*$C$33 -> 1266.5419 | E42: =C42-D42 -> 456.18819 | F42: =B42-E42 -> 337288.31 | J42: 32 | K42: =O41 -> 311259.36 | L42: =$L$7 -> 2151.0079 | M42: =K42*$L$6 -> 1167.2226 | N42: =L42-M42 -> 983.78528 | O42: =K42-N42 -> 310275.57
A43: 7 | B43: =F42 -> 337288.31 | C43: =$C$34 -> 1722.7301 | D43: =B43*$C$33 -> 1264.8312 | E43: =C43-D43 -> 457.8989 | F43: =B43-E43 -> 336830.41 | J43: 33 | K43: =O42 -> 310275.57 | L43: =$L$7 -> 2151.0079 | M43: =K43*$L$6 -> 1163.5334 | N43: =L43-M43 -> 987.47447 | O43: =K43-N43 -> 309288.1
A44: 8 | B44: =F43 -> 336830.41 | C44: =$C$34 -> 1722.7301 | D44: =B44*$C$33 -> 1263.114 | E44: =C44-D44 -> 459.61602 | F44: =B44-E44 -> 336370.79 | J44: 34 | K44: =O43 -> 309288.1 | L44: =$L$7 -> 2151.0079 | M44: =K44*$L$6 -> 1159.8304 | N44: =L44-M44 -> 991.1775 | O44: =K44-N44 -> 308296.92
A45: 9 | B45: =F44 -> 336370.79 | C45: =$C$34 -> 1722.7301 | D45: =B45*$C$33 -> 1261.3905 | E45: =C45-D45 -> 461.33958 | F45: =B45-E45 -> 335909.45 | J45: 35 | K45: =O44 -> 308296.92 | L45: =$L$7 -> 2151.0079 | M45: =K45*$L$6 -> 1156.1135 | N45: =L45-M45 -> 994.89442 | O45: =K45-N45 -> 307302.03
A46: 10 | B46: =F45 -> 335909.45 | C46: =$C$34 -> 1722.7301 | D46: =B46*$C$33 -> 1259.6605 | E46: =C46-D46 -> 463.0696 | F46: =B46-E46 -> 335446.38 | J46: 36 | K46: =O45 -> 307302.03 | L46: =$L$7 -> 2151.0079 | M46: =K46*$L$6 -> 1152.3826 | N46: =L46-M46 -> 998.62527 | O46: =K46-N46 -> 306303.4
A47: 11 | B47: =F46 -> 335446.38 | C47: =$C$34 -> 1722.7301 | D47: =B47*$C$33 -> 1257.9239 | E47: =C47-D47 -> 464.80611 | F47: =B47-E47 -> 334981.58 | J47: 37 | K47: =O46 -> 306303.4 | L47: =$L$7 -> 2151.0079 | M47: =K47*$L$6 -> 1148.6378 | N47: =L47-M47 -> 1002.3701 | O47: =K47-N47 -> 305301.03
A48: 12 | B48: =F47 -> 334981.58 | C48: =$C$34 -> 1722.7301 | D48: =B48*$C$33 -> 1256.1809 | E48: =C48-D48 -> 466.54913 | F48: =B48-E48 -> 334515.03 | J48: 38 | K48: =O47 -> 305301.03 | L48: =$L$7 -> 2151.0079 | M48: =K48*$L$6 -> 1144.8789 | N48: =L48-M48 -> 1006.129 | O48: =K48-N48 -> 304294.9
A49: 13 | B49: =F48 -> 334515.03 | C49: =$C$34 -> 1722.7301 | D49: =B49*$C$33 -> 1254.4314 | E49: =C49-D49 -> 468.29869 | F49: =B49-E49 -> 334046.73 | J49: 39 | K49: =O48 -> 304294.9 | L49: =$L$7 -> 2151.0079 | M49: =K49*$L$6 -> 1141.1059 | N49: =L49-M49 -> 1009.902 | O49: =K49-N49 -> 303285
... A250: 214 | B250: =F249 -> 194405.04 | C250: =$C$34 -> 1722.7301 | D250: =B250*$C$33 -> 729.01891 | E250: =C250-D250 -> 993.71115 | F250: =B250-E250 -> 193411.33 | J250: 240 | K250: =O249 -> 2142.9717 | L250: =$L$7 -> 2151.0079 | M250: =K250*$L$6 -> 8.036144 | N250: =L250-M250 -> 2142.9717 | O250: =K250-N250 -> -5.666152e-10
A251: 215 | B251: =F250 -> 193411.33 | C251: =$C$34 -> 1722.7301 | D251: =B251*$C$33 -> 725.29249 | E251: =C251-D251 -> 997.43756 | F251: =B251-E251 -> 192413.89 | M251: =SUM(M11:M250) -> 176241.89
A252: 216 | B252: =F251 -> 192413.89 | C252: =$C$34 -> 1722.7301 | D252: =B252*$C$33 -> 721.5521 | E252: =C252-D252 -> 1001.178 | F252: =B252-E252 -> 191412.71
A253: 217 | B253: =F252 -> 191412.71 | C253: =$C$34 -> 1722.7301 | D253: =B253*$C$33 -> 717.79768 | E253: =C253-D253 -> 1004.9324 | F253: =B253-E253 -> 190407.78
A254: 218 | B254: =F253 -> 190407.78 | C254: =$C$34 -> 1722.7301 | D254: =B254*$C$33 -> 714.02918 | E254: =C254-D254 -> 1008.7009 | F254: =B254-E254 -> 189399.08 | H254: c) 15 year armotization
A255: 219 | B255: =F254 -> 189399.08 | C255: =$C$34 -> 1722.7301 | D255: =B255*$C$33 -> 710.24656 | E255: =C255-D255 -> 1012.4835 | F255: =B255-E255 -> 188386.6 | H255: principal | I255: 340000
A256: 220 | B256: =F255 -> 188386.6 | C256: =$C$34 -> 1722.7301 | D256: =B256*$C$33 -> 706.44974 | E256: =C256-D256 -> 1016.2803 | F256: =B256-E256 -> 187370.32 | H256: term | I256: 15
A257: 221 | B257: =F256 -> 187370.32 | C257: =$C$34 -> 1722.7301 | D257: =B257*$C$33 -> 702.63869 | E257: =C257-D257 -> 1020.0914 | F257: =B257-E257 -> 186350.23 | H257: Annual rate | I257: 0.045
A258: 222 | B258: =F257 -> 186350.23 | C258: =$C$34 -> 1722.7301 | D258: =B258*$C$33 -> 698.81335 | E258: =C258-D258 -> 1023.9167 | F258: =B258-E258 -> 185326.31 | H258: Number of payments | I258: =15*12 -> 180
A259: 223 | B259: =F258 -> 185326.31 | C259: =$C$34 -> 1722.7301 | D259: =B259*$C$33 -> 694.97366 | E259: =C259-D259 -> 1027.7564 | F259: =B259-E259 -> 184298.55 | H259: Monthly rate | I259: =I257/12 -> 0.00375
A260: 224 | B260: =F259 -> 184298.55 | C260: =$C$34 -> 1722.7301 | D260: =B260*$C$33 -> 691.11957 | E260: =C260-D260 -> 1031.6105 | F260: =B260-E260 -> 183266.94 | H260: Mortgage payment | I260: =PMT(I259,I258,-I255,0) -> 2600.9772
A261: 225 | B261: =F260 -> 183266.94 | C261: =$C$34 -> 1722.7301 | D261: =B261*$C$33 -> 687.25104 | E261: =C261-D261 -> 1035.479 | F261: =B261-E261 -> 182231.46
A262: 226 | B262: =F261 -> 182231.46 | C262: =$C$34 -> 1722.7301 | D262: =B262*$C$33 -> 683.36799 | E262: =C262-D262 -> 1039.3621 | F262: =B262-E262 -> 181192.1 | I262: Month | J262: beginning balance | K262: Payment | L262: Interest | M262: Principal | N262: Ending balance
A263: 227 | B263: =F262 -> 181192.1 | C263: =$C$34 -> 1722.7301 | D263: =B263*$C$33 -> 679.47038 | E263: =C263-D263 -> 1043.2597 | F263: =B263-E263 -> 180148.84 | I263: 1 | J263: =I255 -> 340000 | K263: =I260 -> 2600.9772 | L263: =J263*I259 -> 1275 | M263: =K263-L263 -> 1325.9772 | N263: =J263-M263 -> 338674.02
A264: 228 | B264: =F263 -> 180148.84 | C264: =$C$34 -> 1722.7301 | D264: =B264*$C$33 -> 675.55816 | E264: =C264-D264 -> 1047.1719 | F264: =B264-E264 -> 179101.67 | I264: 2 | J264: =N263 -> 338674.02 | K264: =$I$260 -> 2600.9772 | L264: =J264*$I$259 -> 1270.0276 | M264: =K264-L264 -> 1330.9496 | N264: =J264-M264 -> 337343.07
A265: 229 | B265: =F264 -> 179101.67 | C265: =$C$34 -> 1722.7301 | D265: =B265*$C$33 -> 671.63126 | E265: =C265-D265 -> 1051.0988 | F265: =B265-E265 -> 178050.57 | I265: 3 | J265: =N264 -> 337343.07 | K265: =$I$260 -> 2600.9772 | L265: =J265*$I$259 -> 1265.0365 | M265: =K265-L265 -> 1335.9407 | N265: =J265-M265 -> 336007.13
A266: 230 | B266: =F265 -> 178050.57 | C266: =$C$34 -> 1722.7301 | D266: =B266*$C$33 -> 667.68964 | E266: =C266-D266 -> 1055.0404 | F266: =B266-E266 -> 176995.53 | I266: 4 | J266: =N265 -> 336007.13 | K266: =$I$260 -> 2600.9772 | L266: =J266*$I$259 -> 1260.0267 | M266: =K266-L266 -> 1340.9504 | N266: =J266-M266 -> 334666.18
A267: 231 | B267: =F266 -> 176995.53 | C267: =$C$34 -> 1722.7301 | D267: =B267*$C$33 -> 663.73324 | E267: =C267-D267 -> 1058.9968 | F267: =B267-E267 -> 175936.53 | I267: 5 | J267: =N266 -> 334666.18 | K267: =$I$260 -> 2600.9772 | L267: =J267*$I$259 -> 1254.9982 | M267: =K267-L267 -> 1345.979 | N267: =J267-M267 -> 333320.2
A268: 232 | B268: =F267 -> 175936.53 | C268: =$C$34 -> 1722.7301 | D268: =B268*$C$33 -> 659.762 | E268: =C268-D268 -> 1062.9681 | F268: =B268-E268 -> 174873.57 | I268: 6 | J268: =N267 -> 333320.2 | K268: =$I$260 -> 2600.9772 | L268: =J268*$I$259 -> 1249.9508 | M268: =K268-L268 -> 1351.0264 | N268: =J268-M268 -> 331969.18
A269: 233 | B269: =F268 -> 174873.57 | C269: =$C$34 -> 1722.7301 | D269: =B269*$C$33 -> 655.77587 | E269: =C269-D269 -> 1066.9542 | F269: =B269-E269 -> 173806.61 | I269: 7 | J269: =N268 -> 331969.18 | K269: =$I$260 -> 2600.9772 | L269: =J269*$I$259 -> 1244.8844 | M269: =K269-L269 -> 1356.0928 | N269: =J269-M269 -> 330613.08
A270: 234 | B270: =F269 -> 173806.61 | C270: =$C$34 -> 1722.7301 | D270: =B270*$C$33 -> 651.77479 | E270: =C270-D270 -> 1070.9553 | F270: =B270-E270 -> 172735.66 | I270: 8 | J270: =N269 -> 330613.08 | K270: =$I$260 -> 2600.9772 | L270: =J270*$I$259 -> 1239.7991 | M270: =K270-L270 -> 1361.1781 | N270: =J270-M270 -> 329251.91
A271: 235 | B271: =F270 -> 172735.66 | C271: =$C$34 -> 1722.7301 | D271: =B271*$C$33 -> 647.75871 | E271: =C271-D271 -> 1074.9713 | F271: =B271-E271 -> 171660.69 | I271: 9 | J271: =N270 -> 329251.91 | K271: =$I$260 -> 2600.9772 | L271: =J271*$I$259 -> 1234.6946 | M271: =K271-L271 -> 1366.2825 | N271: =J271-M271 -> 327885.62
A272: 236 | B272: =F271 -> 171660.69 | C272: =$C$34 -> 1722.7301 | D272: =B272*$C$33 -> 643.72757 | E272: =C272-D272 -> 1079.0025 | F272: =B272-E272 -> 170581.68 | I272: 10 | J272: =N271 -> 327885.62 | K272: =$I$260 -> 2600.9772 | L272: =J272*$I$259 -> 1229.5711 | M272: =K272-L272 -> 1371.4061 | N272: =J272-M272 -> 326514.22
A273: 237 | B273: =F272 -> 170581.68 | C273: =$C$34 -> 1722.7301 | D273: =B273*$C$33 -> 639.68131 | E273: =C273-D273 -> 1083.0487 | F273: =B273-E273 -> 169498.63 | I273: 11 | J273: =N272 -> 326514.22 | K273: =$I$260 -> 2600.9772 | L273: =J273*$I$259 -> 1224.4283 | M273: =K273-L273 -> 1376.5489 | N273: =J273-M273 -> 325137.67
A274: 238 | B274: =F273 -> 169498.63 | C274: =$C$34 -> 1722.7301 | D274: =B274*$C$33 -> 635.61988 | E274: =C274-D274 -> 1087.1102 | F274: =B274-E274 -> 168411.52 | I274: 12 | J274: =N273 -> 325137.67 | K274: =$I$260 -> 2600.9772 | L274: =J274*$I$259 -> 1219.2663 | M274: =K274-L274 -> 1381.7109 | N274: =J274-M274 -> 323755.96
A275: 239 | B275: =F274 -> 168411.52 | C275: =$C$34 -> 1722.7301 | D275: =B275*$C$33 -> 631.54321 | E275: =C275-D275 -> 1091.1868 | F275: =B275-E275 -> 167320.34 | I275: 13 | J275: =N274 -> 323755.96 | K275: =$I$260 -> 2600.9772 | L275: =J275*$I$259 -> 1214.0848 | M275: =K275-L275 -> 1386.8923 | N275: =J275-M275 -> 322369.07
... A396: 360 | B396: =F395 -> 1716.294 | C396: =$C$34 -> 1722.7301 | D396: =B396*$C$33 -> 6.4361023 | E396: =C396-D396 -> 1716.294 | F396: =B396-E396 -> 5.6161298e-10 | I396: 134 | J396: =N395 -> 111887.26 | K396: =$I$260 -> 2600.9772 | L396: =J396*$I$259 -> 419.57721 | M396: =K396-L396 -> 2181.4 | N396: =J396-M396 -> 109705.86
D397: =SUM(D37:D396) -> 280182.82 | I397: 135 | J397: =N396 -> 109705.86 | K397: =$I$260 -> 2600.9772 | L397: =J397*$I$259 -> 411.39696 | M397: =K397-L397 -> 2189.5802 | N397: =J397-M397 -> 107516.28
I398: 136 | J398: =N397 -> 107516.28 | K398: =$I$260 -> 2600.9772 | L398: =J398*$I$259 -> 403.18604 | M398: =K398-L398 -> 2197.7911 | N398: =J398-M398 -> 105318.49
I399: 137 | J399: =N398 -> 105318.49 | K399: =$I$260 -> 2600.9772 | L399: =J399*$I$259 -> 394.94432 | M399: =K399-L399 -> 2206.0329 | N399: =J399-M399 -> 103112.45
I400: 138 | J400: =N399 -> 103112.45 | K400: =$I$260 -> 2600.9772 | L400: =J400*$I$259 -> 386.6717 | M400: =K400-L400 -> 2214.3055 | N400: =J400-M400 -> 100898.15
I401: 139 | J401: =N400 -> 100898.15 | K401: =$I$260 -> 2600.9772 | L401: =J401*$I$259 -> 378.36805 | M401: =K401-L401 -> 2222.6091 | N401: =J401-M401 -> 98675.538
I402: 140 | J402: =N401 -> 98675.538 | K402: =$I$260 -> 2600.9772 | L402: =J402*$I$259 -> 370.03327 | M402: =K402-L402 -> 2230.9439 | N402: =J402-M402 -> 96444.594
I403: 141 | J403: =N402 -> 96444.594 | K403: =$I$260 -> 2600.9772 | L403: =J403*$I$259 -> 361.66723 | M403: =K403-L403 -> 2239.31 | N403: =J403-M403 -> 94205.284
I404: 142 | J404: =N403 -> 94205.284 | K404: =$I$260 -> 2600.9772 | L404: =J404*$I$259 -> 353.26981 | M404: =K404-L404 -> 2247.7074 | N404: =J404-M404 -> 91957.577
I405: 143 | J405: =N404 -> 91957.577 | K405: =$I$260 -> 2600.9772 | L405: =J405*$I$259 -> 344.84091 | M405: =K405-L405 -> 2256.1363 | N405: =J405-M405 -> 89701.44
I406: 144 | J406: =N405 -> 89701.44 | K406: =$I$260 -> 2600.9772 | L406: =J406*$I$259 -> 336.3804 | M406: =K406-L406 -> 2264.5968 | N406: =J406-M406 -> 87436.844
I407: 145 | J407: =N406 -> 87436.844 | K407: =$I$260 -> 2600.9772 | L407: =J407*$I$259 -> 327.88816 | M407: =K407-L407 -> 2273.089 | N407: =J407-M407 -> 85163.755
I408: 146 | J408: =N407 -> 85163.755 | K408: =$I$260 -> 2600.9772 | L408: =J408*$I$259 -> 319.36408 | M408: =K408-L408 -> 2281.6131 | N408: =J408-M408 -> 82882.141
I409: 147 | J409: =N408 -> 82882.141 | K409: =$I$260 -> 2600.9772 | L409: =J409*$I$259 -> 310.80803 | M409: =K409-L409 -> 2290.1692 | N409: =J409-M409 -> 80591.972
... I442: 180 | J442: =N441 -> 2591.26 | K442: =$I$260 -> 2600.9772 | L442: =J442*$I$259 -> 9.7172248 | M442: =K442-L442 -> 2591.26 | N442: =J442-M442 -> 4.6202331e-10
L443: =SUM(L260:L442) -> 128175.89

Sheet Exercise 2
A1: Exercise 2 | J1: a)
J2: Principal | K2: 340000
A3: Please show your two different amortization schedules on this tab and | J3: Term | K3: 30
A4: answer the following questions: | J4: Annual rate | K4: 0.034
J5: Number of payments | K5: =K3*12 -> 360
A6: a. | B6: monthly payment initially with 3.40% rate | G6: =K7 -> 1507.8362 | J6: Monthly rate | K6: =K4/12 -> 0.0028333333
A7: b. | B7: balance owed after 36 months | G7: =O45 -> 319394.01 | J7: mortgage payment | K7: =PMT(K6,K5,-K2,0) -> 1507.8362
A8: c. | B8: monthly payment after rate reset to 4.25% | G8: =B41 -> 1658.8109
J9: Month | K9: Beginning balance | L9: Payment | M9: Interest | N9: Principal | O9: Ending balance
B10: answers should be denoted in the answer boxes | J10: 1 | K10: =K2 -> 340000 | L10: =$K$7 -> 1507.8362 | M10: =K10*$K$6 -> 963.33333 | N10: =L10-M10 -> 544.50286 | O10: =K10-N10 -> 339455.5
B11: by cell references to the amort schedules | J11: 2 | K11: =O10 -> 339455.5 | L11: =$K$7 -> 1507.8362 | M11: =K11*$K$6 -> 961.79058 | N11: =L11-M11 -> 546.04562 | O11: =K11-N11 -> 338909.45
J12: 3 | K12: =O11 -> 338909.45 | L12: =$K$7 -> 1507.8362 | M12: =K12*$K$6 -> 960.24345 | N12: =L12-M12 -> 547.59275 | O12: =K12-N12 -> 338361.86
J13: 4 | K13: =O12 -> 338361.86 | L13: =$K$7 -> 1507.8362 | M13: =K13*$K$6 -> 958.69193 | N13: =L13-M13 -> 549.14426 | O13: =K13-N13 -> 337812.71
J14: 5 | K14: =O13 -> 337812.71 | L14: =$K$7 -> 1507.8362 | M14: =K14*$K$6 -> 957.13602 | N14: =L14-M14 -> 550.70017 | O14: =K14-N14 -> 337262.01
B15: each correct answer earns 2 points | J15: 6 | K15: =O14 -> 337262.01 | L15: =$K$7 -> 1507.8362 | M15: =K15*$K$6 -> 955.57571 | N15: =L15-M15 -> 552.26049 | O15: =K15-N15 -> 336709.75
B16: total points available this page = 6 points | J16: 7 | K16: =O15 -> 336709.75 | L16: =$K$7 -> 1507.8362 | M16: =K16*$K$6 -> 954.01097 | N16: =L16-M16 -> 553.82522 | O16: =K16-N16 -> 336155.93
J17: 8 | K17: =O16 -> 336155.93 | L17: =$K$7 -> 1507.8362 | M17: =K17*$K$6 -> 952.4418 | N17: =L17-M17 -> 555.39439 | O17: =K17-N17 -> 335600.53
J18: 9 | K18: =O17 -> 335600.53 | L18: =$K$7 -> 1507.8362 | M18: =K18*$K$6 -> 950.86818 | N18: =L18-M18 -> 556.96801 | O18: =K18-N18 -> 335043.57
A19: Let's look at what happens when someone has an adjustable rate mortgage. The borrower | J19: 10 | K19: =O18 -> 335043.57 | L19: =$K$7 -> 1507.8362 | M19: =K19*$K$6 -> 949.2901 | N19: =L19-M19 -> 558.54609 | O19: =K19-N19 -> 334485.02
A20: will have a fixed rate for the first three years: | J20: 11 | K20: =O19 -> 334485.02 | L20: =$K$7 -> 1507.8362 | M20: =K20*$K$6 -> 947.70756 | N20: =L20-M20 -> 560.12864 | O20: =K20-N20 -> 333924.89
B21: annual interest rate | C21: =Instructions!D21 -> 0.034 | J21: 12 | K21: =O20 -> 333924.89 | L21: =$K$7 -> 1507.8362 | M21: =K21*$K$6 -> 946.12053 | N21: =L21-M21 -> 561.71567 | O21: =K21-N21 -> 333363.18
B22: amount borrowed | C22: =Instructions!D22 -> 340000 | J22: 13 | K22: =O21 -> 333363.18 | L22: =$K$7 -> 1507.8362 | M22: =K22*$K$6 -> 944.529 | N22: =L22-M22 -> 563.30719 | O22: =K22-N22 -> 332799.87
B23: term in years | C23: =Instructions!D23 -> 30 | J23: 14 | K23: =O22 -> 332799.87 | L23: =$K$7 -> 1507.8362 | M23: =K23*$K$6 -> 942.93296 | N23: =L23-M23 -> 564.90323 | O23: =K23-N23 -> 332234.97
J24: 15 | K24: =O23 -> 332234.97 | L24: =$K$7 -> 1507.8362 | M24: =K24*$K$6 -> 941.3324 | N24: =L24-M24 -> 566.50379 | O24: =K24-N24 -> 331668.46
A25: a. | B25: Prepare the amortization schedule with the initial terms denoted above | J25: 16 | K25: =O24 -> 331668.46 | L25: =$K$7 -> 1507.8362 | M25: =K25*$K$6 -> 939.72731 | N25: =L25-M25 -> 568.10888 | O25: =K25-N25 -> 331100.35
B26: using monthly payments. You can show a complete 30 year amortization | J26: 17 | K26: =O25 -> 331100.35 | L26: =$K$7 -> 1507.8362 | M26: =K26*$K$6 -> 938.11767 | N26: =L26-M26 -> 569.71853 | O26: =K26-N26 -> 330530.63
B27: schedule OR just what is necessary to answer the question. | J27: 18 | K27: =O26 -> 330530.63 | L27: =$K$7 -> 1507.8362 | M27: =K27*$K$6 -> 936.50346 | N27: =L27-M27 -> 571.33273 | O27: =K27-N27 -> 329959.3
J28: 19 | K28: =O27 -> 329959.3 | L28: =$K$7 -> 1507.8362 | M28: =K28*$K$6 -> 934.88469 | N28: =L28-M28 -> 572.9515 | O28: =K28-N28 -> 329386.35
A29: b. and c. | B29: After making payments for 36 months, the interest rate will be reset to 4.25%. | J29: 20 | K29: =O28 -> 329386.35 | L29: =$K$7 -> 1507.8362 | M29: =K29*$K$6 -> 933.26132 | N29: =L29-M29 -> 574.57487 | O29: =K29-N29 -> 328811.78
B30: Prepare the amortization schedule for at least the next 12 months with this | J30: 21 | K30: =O29 -> 328811.78 | L30: =$K$7 -> 1507.8362 | M30: =K30*$K$6 -> 931.63336 | N30: =L30-M30 -> 576.20283 | O30: =K30-N30 -> 328235.57
B31: new rate (ARMs normally have interest rate resets every year once the first | J31: 22 | K31: =O30 -> 328235.57 | L31: =$K$7 -> 1507.8362 | M31: =K31*$K$6 -> 930.00079 | N31: =L31-M31 -> 577.8354 | O31: =K31-N31 -> 327657.74
B32: reset is done) | J32: 23 | K32: =O31 -> 327657.74 | L32: =$K$7 -> 1507.8362 | M32: =K32*$K$6 -> 928.36359 | N32: =L32-M32 -> 579.4726 | O32: =K32-N32 -> 327078.26
J33: 24 | K33: =O32 -> 327078.26 | L33: =$K$7 -> 1507.8362 | M33: =K33*$K$6 -> 926.72175 | N33: =L33-M33 -> 581.11444 | O33: =K33-N33 -> 326497.15
A34: b. and c) | J34: 25 | K34: =O33 -> 326497.15 | L34: =$K$7 -> 1507.8362 | M34: =K34*$K$6 -> 925.07526 | N34: =L34-M34 -> 582.76093 | O34: =K34-N34 -> 325914.39
J35: 26 | K35: =O34 -> 325914.39 | L35: =$K$7 -> 1507.8362 | M35: =K35*$K$6 -> 923.4241 | N35: =L35-M35 -> 584.41209 | O35: =K35-N35 -> 325329.98
A36: principal | B36: =K46 -> 319394.01 | J36: 27 | K36: =O35 -> 325329.98 | L36: =$K$7 -> 1507.8362 | M36: =K36*$K$6 -> 921.76827 | N36: =L36-M36 -> 586.06792 | O36: =K36-N36 -> 324743.91
A37: term | B37: 27 | J37: 28 | K37: =O36 -> 324743.91 | L37: =$K$7 -> 1507.8362 | M37: =K37*$K$6 -> 920.10774 | N37: =L37-M37 -> 587.72845 | O37: =K37-N37 -> 324156.18
A38: Annual rate | B38: 0.0425 | J38: 29 | K38: =O37 -> 324156.18 | L38: =$K$7 -> 1507.8362 | M38: =K38*$K$6 -> 918.44251 | N38: =L38-M38 -> 589.39368 | O38: =K38-N38 -> 323566.79
A39: number of payments | B39: =B37*12 -> 324 | J39: 30 | K39: =O38 -> 323566.79 | L39: =$K$7 -> 1507.8362 | M39: =K39*$K$6 -> 916.77256 | N39: =L39-M39 -> 591.06363 | O39: =K39-N39 -> 322975.72
A40: Monthly rate | B40: =B38/12 -> 0.0035416667 | J40: 31 | K40: =O39 -> 322975.72 | L40: =$K$7 -> 1507.8362 | M40: =K40*$K$6 -> 915.09788 | N40: =L40-M40 -> 592.73831 | O40: =K40-N40 -> 322382.98
A41: Mortgage payment | B41: =PMT(B40,B39,-B36,0) -> 1658.8109 | J41: 32 | K41: =O40 -> 322382.98 | L41: =$K$7 -> 1507.8362 | M41: =K41*$K$6 -> 913.41846 | N41: =L41-M41 -> 594.41774 | O41: =K41-N41 -> 321788.57
A42: Month | B42: Beginning Balance | C42: Payment | D42: Interest | E42: Principal | F42: Ending balance | J42: 33 | K42: =O41 -> 321788.57 | L42: =$K$7 -> 1507.8362 | M42: =K42*$K$6 -> 911.73427 | N42: =L42-M42 -> 596.10192 | O42: =K42-N42 -> 321192.47
A43: 1 | B43: =O45 -> 319394.01 | C43: =B41 -> 1658.8109 | D43: =B43*B40 -> 1131.1871 | E43: =C43-D43 -> 527.62382 | F43: =B43-E43 -> 318866.38 | J43: 34 | K43: =O42 -> 321192.47 | L43: =$K$7 -> 1507.8362 | M43: =K43*$K$6 -> 910.04532 | N43: =L43-M43 -> 597.79087 | O43: =K43-N43 -> 320594.67
A44: 2 | B44: =F43 -> 318866.38 | C44: =$B$41 -> 1658.8109 | D44: =B44*$B$40 -> 1129.3184 | E44: =C44-D44 -> 529.49248 | F44: =B44-E44 -> 318336.89 | J44: 35 | K44: =O43 -> 320594.67 | L44: =$K$7 -> 1507.8362 | M44: =K44*$K$6 -> 908.35158 | N44: =L44-M44 -> 599.48462 | O44: =K44-N44 -> 319995.19
A45: 3 | B45: =F44 -> 318336.89 | C45: =$B$41 -> 1658.8109 | D45: =B45*$B$40 -> 1127.4432 | E45: =C45-D45 -> 531.36777 | F45: =B45-E45 -> 317805.52 | J45: 36 | K45: =O44 -> 319995.19 | L45: =$K$7 -> 1507.8362 | M45: =K45*$K$6 -> 906.65304 | N45: =L45-M45 -> 601.18316 | O45: =K45-N45 -> 319394.01
A46: 4 | B46: =F45 -> 317805.52 | C46: =$B$41 -> 1658.8109 | D46: =B46*$B$40 -> 1125.5612 | E46: =C46-D46 -> 533.2497 | F46: =B46-E46 -> 317272.27 | J46: 37 | K46: =O45 -> 319394.01 | L46: =$K$7 -> 1507.8362 | M46: =K46*$K$6 -> 904.94969 | N46: =L46-M46 -> 602.88651 | O46: =K46-N46 -> 318791.12
A47: 5 | B47: =F46 -> 317272.27 | C47: =$B$41 -> 1658.8109 | D47: =B47*$B$40 -> 1123.6726 | E47: =C47-D47 -> 535.13829 | F47: =B47-E47 -> 316737.13 | J47: 38 | K47: =O46 -> 318791.12 | L47: =$K$7 -> 1507.8362 | M47: =K47*$K$6 -> 903.24151 | N47: =L47-M47 -> 604.59469 | O47: =K47-N47 -> 318186.53
A48: 6 | B48: =F47 -> 316737.13 | C48: =$B$41 -> 1658.8109 | D48: =B48*$B$40 -> 1121.7774 | E48: =C48-D48 -> 537.03357 | F48: =B48-E48 -> 316200.1 | J48: 39 | K48: =O47 -> 318186.53 | L48: =$K$7 -> 1507.8362 | M48: =K48*$K$6 -> 901.52849 | N48: =L48-M48 -> 606.3077 | O48: =K48-N48 -> 317580.22
A49: 7 | B49: =F48 -> 316200.1 | C49: =$B$41 -> 1658.8109 | D49: =B49*$B$40 -> 1119.8754 | E49: =C49-D49 -> 538.93556 | F49: =B49-E49 -> 315661.17 | J49: 40 | K49: =O48 -> 317580.22 | L49: =$K$7 -> 1507.8362 | M49: =K49*$K$6 -> 899.81062 | N49: =L49-M49 -> 608.02558 | O49: =K49-N49 -> 316972.19
A50: 8 | B50: =F49 -> 315661.17 | C50: =$B$41 -> 1658.8109 | D50: =B50*$B$40 -> 1117.9666 | E50: =C50-D50 -> 540.84429 | F50: =B50-E50 -> 315120.32 | J50: 41 | K50: =O49 -> 316972.19 | L50: =$K$7 -> 1507.8362 | M50: =K50*$K$6 -> 898.08788 | N50: =L50-M50 -> 609.74832 | O50: =K50-N50 -> 316362.44
A51: 9 | B51: =F50 -> 315120.32 | C51: =$B$41 -> 1658.8109 | D51: =B51*$B$40 -> 1116.0511 | E51: =C51-D51 -> 542.75978 | F51: =B51-E51 -> 314577.56 | J51: 42 | K51: =O50 -> 316362.44 | L51: =$K$7 -> 1507.8362 | M51: =K51*$K$6 -> 896.36026 | N51: =L51-M51 -> 611.47594 | O51: =K51-N51 -> 315750.97
A52: 10 | B52: =F51 -> 314577.56 | C52: =$B$41 -> 1658.8109 | D52: =B52*$B$40 -> 1114.1289 | E52: =C52-D52 -> 544.68206 | F52: =B52-E52 -> 314032.88 | J52: 43 | K52: =O51 -> 315750.97 | L52: =$K$7 -> 1507.8362 | M52: =K52*$K$6 -> 894.62774 | N52: =L52-M52 -> 613.20845 | O52: =K52-N52 -> 315137.76
A53: 11 | B53: =F52 -> 314032.88 | C53: =$B$41 -> 1658.8109 | D53: =B53*$B$40 -> 1112.1998 | E53: =C53-D53 -> 546.61114 | F53: =B53-E53 -> 313486.27 | J53: 44 | K53: =O52 -> 315137.76 | L53: =$K$7 -> 1507.8362 | M53: =K53*$K$6 -> 892.89032 | N53: =L53-M53 -> 614.94587 | O53: =K53-N53 -> 314522.81
A54: 12 | B54: =F53 -> 313486.27 | C54: =$B$41 -> 1658.8109 | D54: =B54*$B$40 -> 1110.2639 | E54: =C54-D54 -> 548.54706 | F54: =B54-E54 -> 312937.72 | J54: 45 | K54: =O53 -> 314522.81 | L54: =$K$7 -> 1507.8362 | M54: =K54*$K$6 -> 891.14797 | N54: =L54-M54 -> 616.68822 | O54: =K54-N54 -> 313906.13
J55: 46 | K55: =O54 -> 313906.13 | L55: =$K$7 -> 1507.8362 | M55: =K55*$K$6 -> 889.40069 | N55: =L55-M55 -> 618.4355 | O55: =K55-N55 -> 313287.69
J56: 47 | K56: =O55 -> 313287.69 | L56: =$K$7 -> 1507.8362 | M56: =K56*$K$6 -> 887.64845 | N56: =L56-M56 -> 620.18774 | O56: =K56-N56 -> 312667.5
J57: 48 | K57: =O56 -> 312667.5 | L57: =$K$7 -> 1507.8362 | M57: =K57*$K$6 -> 885.89126 | N57: =L57-M57 -> 621.94494 | O57: =K57-N57 -> 312045.56
J58: 49 | K58: =O57 -> 312045.56 | L58: =$K$7 -> 1507.8362 | M58: =K58*$K$6 -> 884.12908 | N58: =L58-M58 -> 623.70711 | O58: =K58-N58 -> 311421.85
J59: 50 | K59: =O58 -> 311421.85 | L59: =$K$7 -> 1507.8362 | M59: =K59*$K$6 -> 882.36191 | N59: =L59-M59 -> 625.47428 | O59: =K59-N59 -> 310796.38
J60: 51 | K60: =O59 -> 310796.38 | L60: =$K$7 -> 1507.8362 | M60: =K60*$K$6 -> 880.58973 | N60: =L60-M60 -> 627.24646 | O60: =K60-N60 -> 310169.13
J61: 52 | K61: =O60 -> 310169.13 | L61: =$K$7 -> 1507.8362 | M61: =K61*$K$6 -> 878.81253 | N61: =L61-M61 -> 629.02366 | O61: =K61-N61 -> 309540.11
J62: 53 | K62: =O61 -> 309540.11 | L62: =$K$7 -> 1507.8362 | M62: =K62*$K$6 -> 877.0303 | N62: =L62-M62 -> 630.80589 | O62: =K62-N62 -> 308909.3
J63: 54 | K63: =O62 -> 308909.3 | L63: =$K$7 -> 1507.8362 | M63: =K63*$K$6 -> 875.24302 | N63: =L63-M63 -> 632.59318 | O63: =K63-N63 -> 308276.71
J64: 55 | K64: =O63 -> 308276.71 | L64: =$K$7 -> 1507.8362 | M64: =K64*$K$6 -> 873.45067 | N64: =L64-M64 -> 634.38552 | O64: =K64-N64 -> 307642.32
J65: 56 | K65: =O64 -> 307642.32 | L65: =$K$7 -> 1507.8362 | M65: =K65*$K$6 -> 871.65324 | N65: =L65-M65 -> 636.18295 | O65: =K65-N65 -> 307006.14
J66: 57 | K66: =O65 -> 307006.14 | L66: =$K$7 -> 1507.8362 | M66: =K66*$K$6 -> 869.85072 | N66: =L66-M66 -> 637.98547 | O66: =K66-N66 -> 306368.15
... J369: 360 | K369: =O368 -> 1503.5761 | L369: =$K$7 -> 1507.8362 | M369: =K369*$K$6 -> 4.2601322 | N369: =L369-M369 -> 1503.5761 | O369: =K369-N369 -> -9.7634256e-10

Sheet Exercise 3
A1: Exercise 3 | I1: a) amortization schedule
I2: Principal | J2: 340000
A3: Please show your two different amortization schedules on this tab and | I3: Term | J3: 25
A4: answer the following questions: | I4: Annual rate | J4: 0.054
I5: Number of payments | J5: =J3*12 -> 300
A6: a. | B6: monthly payment initially with 5.40% rate | G6: =J7 -> 2067.6417 | I6: Monthly rate | J6: =J4/12 -> 0.0045
A7: b. | B7: balance owed after 60 months | G7: =J70 -> 303061.47 | I7: Mortgage payments | J7: =PMT(J6,J5,-J2,0) -> 2067.6417
A8: c. | B8: new monthly payment with new rate of 4.60% | G8: =B41 -> 1950.9418
I9: Month | J9: Beginning balance | K9: Payment | L9: Interest | M9: Principal | N9: Ending balance
B10: answers should be denoted in the answer boxes | I10: 1 | J10: =J2 -> 340000 | K10: =$J$7 -> 2067.6417 | L10: =J10*$J$6 -> 1530 | M10: =K10-L10 -> 537.64172 | N10: =J10-M10 -> 339462.36
B11: by cell references to the amort schedules | I11: 2 | J11: =N10 -> 339462.36 | K11: =$J$7 -> 2067.6417 | L11: =J11*$J$6 -> 1527.5806 | M11: =K11-L11 -> 540.06111 | N11: =J11-M11 -> 338922.3
I12: 3 | J12: =N11 -> 338922.3 | K12: =$J$7 -> 2067.6417 | L12: =J12*$J$6 -> 1525.1503 | M12: =K12-L12 -> 542.49138 | N12: =J12-M12 -> 338379.81
I13: 4 | J13: =N12 -> 338379.81 | K13: =$J$7 -> 2067.6417 | L13: =J13*$J$6 -> 1522.7091 | M13: =K13-L13 -> 544.93259 | N13: =J13-M13 -> 337834.87
I14: 5 | J14: =N13 -> 337834.87 | K14: =$J$7 -> 2067.6417 | L14: =J14*$J$6 -> 1520.2569 | M14: =K14-L14 -> 547.38479 | N14: =J14-M14 -> 337287.49
B15: each correct answer earns 2 points | I15: 6 | J15: =N14 -> 337287.49 | K15: =$J$7 -> 2067.6417 | L15: =J15*$J$6 -> 1517.7937 | M15: =K15-L15 -> 549.84802 | N15: =J15-M15 -> 336737.64
B16: total points available this page = 6 points | I16: 7 | J16: =N15 -> 336737.64 | K16: =$J$7 -> 2067.6417 | L16: =J16*$J$6 -> 1515.3194 | M16: =K16-L16 -> 552.32234 | N16: =J16-M16 -> 336185.32
I17: 8 | J17: =N16 -> 336185.32 | K17: =$J$7 -> 2067.6417 | L17: =J17*$J$6 -> 1512.8339 | M17: =K17-L17 -> 554.80779 | N17: =J17-M17 -> 335630.51
I18: 9 | J18: =N17 -> 335630.51 | K18: =$J$7 -> 2067.6417 | L18: =J18*$J$6 -> 1510.3373 | M18: =K18-L18 -> 557.30442 | N18: =J18-M18 -> 335073.21
A19: Let's look at what happens when someone refinances a mortgage. The borrower | I19: 10 | J19: =N18 -> 335073.21 | K19: =$J$7 -> 2067.6417 | L19: =J19*$J$6 -> 1507.8294 | M19: =K19-L19 -> 559.81229 | N19: =J19-M19 -> 334513.39
A20: begins with these terms: | I20: 11 | J20: =N19 -> 334513.39 | K20: =$J$7 -> 2067.6417 | L20: =J20*$J$6 -> 1505.3103 | M20: =K20-L20 -> 562.33145 | N20: =J20-M20 -> 333951.06
B21: annual interest rate | C21: =Instructions!D38 -> 0.054 | I21: 12 | J21: =N20 -> 333951.06 | K21: =$J$7 -> 2067.6417 | L21: =J21*$J$6 -> 1502.7798 | M21: =K21-L21 -> 564.86194 | N21: =J21-M21 -> 333386.2
B22: amount borrowed | C22: =Instructions!D39 -> 340000 | I22: 13 | J22: =N21 -> 333386.2 | K22: =$J$7 -> 2067.6417 | L22: =J22*$J$6 -> 1500.2379 | M22: =K22-L22 -> 567.40382 | N22: =J22-M22 -> 332818.8
B23: term in years | C23: =Instructions!D40 -> 25 | I23: 14 | J23: =N22 -> 332818.8 | K23: =$J$7 -> 2067.6417 | L23: =J23*$J$6 -> 1497.6846 | M23: =K23-L23 -> 569.95714 | N23: =J23-M23 -> 332248.84
I24: 15 | J24: =N23 -> 332248.84 | K24: =$J$7 -> 2067.6417 | L24: =J24*$J$6 -> 1495.1198 | M24: =K24-L24 -> 572.52194 | N24: =J24-M24 -> 331676.32
A25: a. | B25: Prepare the amortization schedule with the initial terms denoted above | I25: 16 | J25: =N24 -> 331676.32 | K25: =$J$7 -> 2067.6417 | L25: =J25*$J$6 -> 1492.5434 | M25: =K25-L25 -> 575.09829 | N25: =J25-M25 -> 331101.22
B26: using monthly payments. You can show a complete 25 year amortization | I26: 17 | J26: =N25 -> 331101.22 | K26: =$J$7 -> 2067.6417 | L26: =J26*$J$6 -> 1489.9555 | M26: =K26-L26 -> 577.68623 | N26: =J26-M26 -> 330523.53
B27: schedule OR just what is necessary to answer the question. | I27: 18 | J27: =N26 -> 330523.53 | K27: =$J$7 -> 2067.6417 | L27: =J27*$J$6 -> 1487.3559 | M27: =K27-L27 -> 580.28582 | N27: =J27-M27 -> 329943.25
I28: 19 | J28: =N27 -> 329943.25 | K28: =$J$7 -> 2067.6417 | L28: =J28*$J$6 -> 1484.7446 | M28: =K28-L28 -> 582.89711 | N28: =J28-M28 -> 329360.35
A29: b. and c. | B29: After making payments for 60 months, the borrower can refinance the loan | I29: 20 | J29: =N28 -> 329360.35 | K29: =$J$7 -> 2067.6417 | L29: =J29*$J$6 -> 1482.1216 | M29: =K29-L29 -> 585.52015 | N29: =J29-M29 -> 328774.83
B30: with a lower interest rate of 4.60%. The lender charges a $2,700 fee and the | I30: 21 | J30: =N29 -> 328774.83 | K30: =$J$7 -> 2067.6417 | L30: =J30*$J$6 -> 1479.4867 | M30: =K30-L30 -> 588.15499 | N30: =J30-M30 -> 328186.67
B31: borrower decides to refinance the balance owed PLUS the $2,700 fee. | I31: 22 | J31: =N30 -> 328186.67 | K31: =$J$7 -> 2067.6417 | L31: =J31*$J$6 -> 1476.84 | M31: =K31-L31 -> 590.80168 | N31: =J31-M31 -> 327595.87
B32: Prepare the amortization schedule for the remaining length of time. | I32: 23 | J32: =N31 -> 327595.87 | K32: =$J$7 -> 2067.6417 | L32: =J32*$J$6 -> 1474.1814 | M32: =K32-L32 -> 593.46029 | N32: =J32-M32 -> 327002.41
I33: 24 | J33: =N32 -> 327002.41 | K33: =$J$7 -> 2067.6417 | L33: =J33*$J$6 -> 1471.5109 | M33: =K33-L33 -> 596.13086 | N33: =J33-M33 -> 326406.28
A34: b.and c. | I34: 25 | J34: =N33 -> 326406.28 | K34: =$J$7 -> 2067.6417 | L34: =J34*$J$6 -> 1468.8283 | M34: =K34-L34 -> 598.81345 | N34: =J34-M34 -> 325807.47
I35: 26 | J35: =N34 -> 325807.47 | K35: =$J$7 -> 2067.6417 | L35: =J35*$J$6 -> 1466.1336 | M35: =K35-L35 -> 601.50811 | N35: =J35-M35 -> 325205.96
A36: Principal | B36: =J70+2700 -> 305761.47 | I36: 27 | J36: =N35 -> 325205.96 | K36: =$J$7 -> 2067.6417 | L36: =J36*$J$6 -> 1463.4268 | M36: =K36-L36 -> 604.2149 | N36: =J36-M36 -> 324601.75
A37: Term | B37: 20 | I37: 28 | J37: =N36 -> 324601.75 | K37: =$J$7 -> 2067.6417 | L37: =J37*$J$6 -> 1460.7079 | M37: =K37-L37 -> 606.93386 | N37: =J37-M37 -> 323994.81
A38: Annual rate | B38: 0.046 | I38: 29 | J38: =N37 -> 323994.81 | K38: =$J$7 -> 2067.6417 | L38: =J38*$J$6 -> 1457.9767 | M38: =K38-L38 -> 609.66507 | N38: =J38-M38 -> 323385.15
A39: Number of payments | B39: 240 | I39: 30 | J39: =N38 -> 323385.15 | K39: =$J$7 -> 2067.6417 | L39: =J39*$J$6 -> 1455.2332 | M39: =K39-L39 -> 612.40856 | N39: =J39-M39 -> 322772.74
A40: Monthly rate | B40: =B38/12 -> 0.0038333333 | I40: 31 | J40: =N39 -> 322772.74 | K40: =$J$7 -> 2067.6417 | L40: =J40*$J$6 -> 1452.4773 | M40: =K40-L40 -> 615.1644 | N40: =J40-M40 -> 322157.57
A41: Mortgage payment | B41: =PMT(B40,B39,-B36,0) -> 1950.9418 | I41: 32 | J41: =N40 -> 322157.57 | K41: =$J$7 -> 2067.6417 | L41: =J41*$J$6 -> 1449.7091 | M41: =K41-L41 -> 617.93264 | N41: =J41-M41 -> 321539.64
I42: 33 | J42: =N41 -> 321539.64 | K42: =$J$7 -> 2067.6417 | L42: =J42*$J$6 -> 1446.9284 | M42: =K42-L42 -> 620.71334 | N42: =J42-M42 -> 320918.93
A43: Month | B43: Beginning balance | C43: Payment | D43: Interest | E43: Principal | F43: Ending balance | I43: 34 | J43: =N42 -> 320918.93 | K43: =$J$7 -> 2067.6417 | L43: =J43*$J$6 -> 1444.1352 | M43: =K43-L43 -> 623.50655 | N43: =J43-M43 -> 320295.42
A44: 1 | B44: =B36 -> 305761.47 | C44: =B41 -> 1950.9418 | D44: =B44*$B$40 -> 1172.0856 | E44: =C44-D44 -> 778.85612 | F44: =B44-E44 -> 304982.62 | I44: 35 | J44: =N43 -> 320295.42 | K44: =$J$7 -> 2067.6417 | L44: =J44*$J$6 -> 1441.3294 | M44: =K44-L44 -> 626.31232 | N44: =J44-M44 -> 319669.11
A45: 2 | B45: =F44 -> 304982.62 | C45: =$B$41 -> 1950.9418 | D45: =B45*$B$40 -> 1169.1 | E45: =C45-D45 -> 781.84174 | F45: =B45-E45 -> 304200.78 | I45: 36 | J45: =N44 -> 319669.11 | K45: =$J$7 -> 2067.6417 | L45: =J45*$J$6 -> 1438.511 | M45: =K45-L45 -> 629.13073 | N45: =J45-M45 -> 319039.98
A46: 3 | B46: =F45 -> 304200.78 | C46: =$B$41 -> 1950.9418 | D46: =B46*$B$40 -> 1166.103 | E46: =C46-D46 -> 784.8388 | F46: =B46-E46 -> 303415.94 | I46: 37 | J46: =N45 -> 319039.98 | K46: =$J$7 -> 2067.6417 | L46: =J46*$J$6 -> 1435.6799 | M46: =K46-L46 -> 631.96182 | N46: =J46-M46 -> 318408.02
A47: 4 | B47: =F46 -> 303415.94 | C47: =$B$41 -> 1950.9418 | D47: =B47*$B$40 -> 1163.0944 | E47: =C47-D47 -> 787.84735 | F47: =B47-E47 -> 302628.09 | I47: 38 | J47: =N46 -> 318408.02 | K47: =$J$7 -> 2067.6417 | L47: =J47*$J$6 -> 1432.8361 | M47: =K47-L47 -> 634.80565 | N47: =J47-M47 -> 317773.21
A48: 5 | B48: =F47 -> 302628.09 | C48: =$B$41 -> 1950.9418 | D48: =B48*$B$40 -> 1160.0743 | E48: =C48-D48 -> 790.86743 | F48: =B48-E48 -> 301837.22 | I48: 39 | J48: =N47 -> 317773.21 | K48: =$J$7 -> 2067.6417 | L48: =J48*$J$6 -> 1429.9794 | M48: =K48-L48 -> 637.66227 | N48: =J48-M48 -> 317135.55
A49: 6 | B49: =F48 -> 301837.22 | C49: =$B$41 -> 1950.9418 | D49: =B49*$B$40 -> 1157.0427 | E49: =C49-D49 -> 793.89909 | F49: =B49-E49 -> 301043.32 | I49: 40 | J49: =N48 -> 317135.55 | K49: =$J$7 -> 2067.6417 | L49: =J49*$J$6 -> 1427.11 | M49: =K49-L49 -> 640.53175 | N49: =J49-M49 -> 316495.02
A50: 7 | B50: =F49 -> 301043.32 | C50: =$B$41 -> 1950.9418 | D50: =B50*$B$40 -> 1153.9994 | E50: =C50-D50 -> 796.94237 | F50: =B50-E50 -> 300246.38 | I50: 41 | J50: =N49 -> 316495.02 | K50: =$J$7 -> 2067.6417 | L50: =J50*$J$6 -> 1424.2276 | M50: =K50-L50 -> 643.41415 | N50: =J50-M50 -> 315851.6
A51: 8 | B51: =F50 -> 300246.38 | C51: =$B$41 -> 1950.9418 | D51: =B51*$B$40 -> 1150.9445 | E51: =C51-D51 -> 799.99731 | F51: =B51-E51 -> 299446.38 | I51: 42 | J51: =N50 -> 315851.6 | K51: =$J$7 -> 2067.6417 | L51: =J51*$J$6 -> 1421.3322 | M51: =K51-L51 -> 646.30951 | N51: =J51-M51 -> 315205.29
A52: 9 | B52: =F51 -> 299446.38 | C52: =$B$41 -> 1950.9418 | D52: =B52*$B$40 -> 1147.8778 | E52: =C52-D52 -> 803.06397 | F52: =B52-E52 -> 298643.32 | I52: 43 | J52: =N51 -> 315205.29 | K52: =$J$7 -> 2067.6417 | L52: =J52*$J$6 -> 1418.4238 | M52: =K52-L52 -> 649.2179 | N52: =J52-M52 -> 314556.07
A53: 10 | B53: =F52 -> 298643.32 | C53: =$B$41 -> 1950.9418 | D53: =B53*$B$40 -> 1144.7994 | E53: =C53-D53 -> 806.14238 | F53: =B53-E53 -> 297837.18 | I53: 44 | J53: =N52 -> 314556.07 | K53: =$J$7 -> 2067.6417 | L53: =J53*$J$6 -> 1415.5023 | M53: =K53-L53 -> 652.13938 | N53: =J53-M53 -> 313903.94
A54: 11 | B54: =F53 -> 297837.18 | C54: =$B$41 -> 1950.9418 | D54: =B54*$B$40 -> 1141.7092 | E54: =C54-D54 -> 809.23259 | F54: =B54-E54 -> 297027.94 | I54: 45 | J54: =N53 -> 313903.94 | K54: =$J$7 -> 2067.6417 | L54: =J54*$J$6 -> 1412.5677 | M54: =K54-L54 -> 655.07401 | N54: =J54-M54 -> 313248.86
A55: 12 | B55: =F54 -> 297027.94 | C55: =$B$41 -> 1950.9418 | D55: =B55*$B$40 -> 1138.6071 | E55: =C55-D55 -> 812.33465 | F55: =B55-E55 -> 296215.61 | I55: 46 | J55: =N54 -> 313248.86 | K55: =$J$7 -> 2067.6417 | L55: =J55*$J$6 -> 1409.6199 | M55: =K55-L55 -> 658.02184 | N55: =J55-M55 -> 312590.84
A56: 13 | B56: =F55 -> 296215.61 | C56: =$B$41 -> 1950.9418 | D56: =B56*$B$40 -> 1135.4932 | E56: =C56-D56 -> 815.4486 | F56: =B56-E56 -> 295400.16 | I56: 47 | J56: =N55 -> 312590.84 | K56: =$J$7 -> 2067.6417 | L56: =J56*$J$6 -> 1406.6588 | M56: =K56-L56 -> 660.98294 | N56: =J56-M56 -> 311929.86
... A283: 240 | B283: =F282 -> 1943.4917 | C283: =$B$41 -> 1950.9418 | D283: =B283*$B$40 -> 7.4500516 | E283: =C283-D283 -> 1943.4917 | F283: =B283-E283 -> -7.6920514e-10 | I283: 274 | J283: =N282 -> 52457.237 | K283: =$J$7 -> 2067.6417 | L283: =J283*$J$6 -> 236.05757 | M283: =K283-L283 -> 1831.5842 | N283: =J283-M283 -> 50625.653
I284: 275 | J284: =N283 -> 50625.653 | K284: =$J$7 -> 2067.6417 | L284: =J284*$J$6 -> 227.81544 | M284: =K284-L284 -> 1839.8263 | N284: =J284-M284 -> 48785.827
I285: 276 | J285: =N284 -> 48785.827 | K285: =$J$7 -> 2067.6417 | L285: =J285*$J$6 -> 219.53622 | M285: =K285-L285 -> 1848.1055 | N285: =J285-M285 -> 46937.721
I286: 277 | J286: =N285 -> 46937.721 | K286: =$J$7 -> 2067.6417 | L286: =J286*$J$6 -> 211.21975 | M286: =K286-L286 -> 1856.422 | N286: =J286-M286 -> 45081.299
I287: 278 | J287: =N286 -> 45081.299 | K287: =$J$7 -> 2067.6417 | L287: =J287*$J$6 -> 202.86585 | M287: =K287-L287 -> 1864.7759 | N287: =J287-M287 -> 43216.523
I288: 279 | J288: =N287 -> 43216.523 | K288: =$J$7 -> 2067.6417 | L288: =J288*$J$6 -> 194.47435 | M288: =K288-L288 -> 1873.1674 | N288: =J288-M288 -> 41343.356
I289: 280 | J289: =N288 -> 41343.356 | K289: =$J$7 -> 2067.6417 | L289: =J289*$J$6 -> 186.0451 | M289: =K289-L289 -> 1881.5966 | N289: =J289-M289 -> 39461.759
I290: 281 | J290: =N289 -> 39461.759 | K290: =$J$7 -> 2067.6417 | L290: =J290*$J$6 -> 177.57792 | M290: =K290-L290 -> 1890.0638 | N290: =J290-M290 -> 37571.696
I291: 282 | J291: =N290 -> 37571.696 | K291: =$J$7 -> 2067.6417 | L291: =J291*$J$6 -> 169.07263 | M291: =K291-L291 -> 1898.5691 | N291: =J291-M291 -> 35673.126
I292: 283 | J292: =N291 -> 35673.126 | K292: =$J$7 -> 2067.6417 | L292: =J292*$J$6 -> 160.52907 | M292: =K292-L292 -> 1907.1127 | N292: =J292-M292 -> 33766.014
I293: 284 | J293: =N292 -> 33766.014 | K293: =$J$7 -> 2067.6417 | L293: =J293*$J$6 -> 151.94706 | M293: =K293-L293 -> 1915.6947 | N293: =J293-M293 -> 31850.319
I294: 285 | J294: =N293 -> 31850.319 | K294: =$J$7 -> 2067.6417 | L294: =J294*$J$6 -> 143.32644 | M294: =K294-L294 -> 1924.3153 | N294: =J294-M294 -> 29926.004
I295: 286 | J295: =N294 -> 29926.004 | K295: =$J$7 -> 2067.6417 | L295: =J295*$J$6 -> 134.66702 | M295: =K295-L295 -> 1932.9747 | N295: =J295-M295 -> 27993.029
... I309: 300 | J309: =N308 -> 2058.379 | K309: =$J$7 -> 2067.6417 | L309: =J309*$J$6 -> 9.2627056 | M309: =K309-L309 -> 2058.379 | N309: =J309-M309 -> -1.1391421e-09
